Winsalmostnever, neutral male human Tourist @ Winsalmostnever the Excursionist Experience level: 9 Strength: 17 Dexterity: 13 Constitution: 16 Intelligence: 19 Wisdom: 20 Charisma: 15 Health: 0(106) Energy: 58(88) Def: 14 Gold: 26 Moves: 11748 Dungeon seed: 9_XCEv9ZL2HFA7wm Game ID: Winsalmostnever_1709420647 Your Inventory: Coins $ - 26 gold pieces Amulets K - an uncursed amulet of ESP (being worn) Weapons a - 14 uncursed +2 darts (in quiver) b - 5 uncursed +1 darts s - 24 uncursed +0 darts Q - an uncursed corroded +0 dwarvish short sword T - a blessed +0 dwarvish short sword of hunger (weapon in hand) Y - 3 uncursed +0 daggers Armor e - an uncursed +0 Hawaiian shirt (being worn) q - a blessed +1 dwarvish cloak (being worn) r - an uncursed +1 scale mail (being worn) z - an uncursed +0 pair of iron shoes (being worn) N - an uncursed corroded +6 helm of brilliance (being worn) Comestibles m - 2 uncursed food rations L - 2 uncursed eggs O - an uncursed tin of lizard meat Potions c - an uncursed potion of object detection h - 2 uncursed potions of full healing B - a blessed potion of full healing Rings x - an uncursed ring of warning (on left hand) A - an uncursed ring of cold immunity D - an uncursed ring of fire immunity E - an uncursed ring of free action U - an uncursed +2 ring of carrying (on right hand) X - an uncursed ring of free action Wands f - an uncursed wand of digging (0:2) g - a blessed wand of slow monster (0:5) n - an uncursed wand of make invisible (0:5) v - an uncursed wand of teleportation (0:6) F - an uncursed wand of speed monster (0:2) G - an uncursed wand of make invisible (0:5) Tools k - an uncursed credit card l - an uncursed expensive camera (0:65) o - an uncursed tin opener (alternate weapon; not wielded) p - an uncursed towel u - an uncursed tinning kit (0:31) H - an uncursed skeleton key P - an uncursed magic lamp S - an uncursed bag of holding Z - an uncursed magic whistle Contents of the bag of holding: 8345 gold pieces an uncursed corroded +2 dart an uncursed +0 pair of low boots 2 uncursed Drugs an uncursed clove of garlic 2 uncursed food rations 2 uncursed lembas wafers an uncursed tin of chameleon meat a cursed scroll of light 3 uncursed scrolls of magic mapping an uncursed spellbook of magic mapping a blessed potion of fruit juice an uncursed potion of restore ability an uncursed potion of sleeping an uncursed potion of water an uncursed wand of striking (0:0) an uncursed wand of striking (0:0) an uncursed wand of striking (0:0) Spells and supernatural/magical abilities: Name Level Category Cost Memory h - healing 1 healing 12pw 100% j - jumping 1 escape 12pw 85% k - knock 1 matter 12pw 86% W - pray for help -- divine ? -- Your skills at the end: Fighting Skills wands [Skilled] Weapon Skills dagger [Basic] short sword [Skilled] dart [Skilled] Spellcasting Skills Final Attributes: You were piously aligned. You were cold resistant. You were poison resistant. You had fast metabolism. You were strongly telepathic. You were warned. You were swallowed by an energy vortex. You were fast. The Lady was noncommittal. You are dead. Vanquished creatures: 2 giant mimics 2 large mimics a winter wolf 4 small mimics a troll a pyrolisk a dwarf king a tengu a leocrotta 3 elf mummies 2 red nagas a pit viper a leather golem a horned devil a chameleon a crocodile 4 wolves 19 leprechauns an iron piercer a giant spider 4 gnome kings 2 orc mummies a dwarf mummy 3 ogres a brown pudding an owlbear a yeti a gold golem a werewolf a lizard a housecat a jaguar a dwarf lord a blue jelly a dust vortex a raven a gnome mummy a snake a rope golem 4 bugbears a wood nymph 2 water nymphs 5 Mordor orcs 12 Uruk-hai an orc shaman a rock piercer 3 rock moles 3 ponies 12 gnome lords 5 gnomish wizards a kobold mummy 2 black naga hatchlings 2 golden naga hatchlings 2 gray oozes 2 straw golems a baby crocodile a giant ant 4 little dogs 2 floating eyes 3 kittens 14 dwarves 4 homunculi 4 kobold shamans 12 rothes a rabid rat 7 giant bats 3 wererats 5 iguanas 2 acid blobs 3 coyotes 4 hobbits 7 manes a large kobold 7 hobgoblins 5 giant rats 2 cave spiders 2 yellow molds 4 green molds a red mold 47 gnomes 7 garter snakes 3 gnome zombies 8 geckos 12 jackals 3 foxes 3 kobolds 4 goblins 11 sewer rats 6 grid bugs a bat 7 lichens 2 kobold zombies 9 newts 354 creatures vanquished. Voluntary challenges: You had been an atheist until turn 2607. You used a wielded weapon 821 times, starting on turn 1024. You read items or engraved 21 times, starting on turn 2467. You never genocided any monsters. You never polymorphed an object. You never changed form. You used no wishes. You split 1 pudding, starting on turn 11696. You never wrote Elbereth's name. You never violated your personal moral code. Dungeon overview: The Dungeons of Doom: levels 1 to 10 Level 1 a long staircase Level 2 (charging scroll) a general store, a sink Level 3 a delicatessen, a vault Level 4 a potion shop, a fountain, a vault stairs to The Gnomish Mines Level 5 Level 6 a vault Level 7 many fountains Level 8 some fountains, a vault stairs to Sokoban Level 9 a potion shop Level 10 a throne, a vault Level 11 The Gnomish Mines: levels 5 to 11 Level 5 stairs to The Dungeons of Doom Level 6 Level 7 many shops, a temple to Blind Io, some fountains Level 8 Level 9 Level 10 <- You were here Level 11 Sokoban: levels 4 to 7 Level 4 Solved Level 5 Solved Level 6 Solved Level 7 Solved stairs to The Dungeons of Doom History has recorded: On T:1 you entered the Dungeons of Doom to retrieve the Amulet of Yendor! On T:342 you reached level 2 of The Dungeons of Doom. On T:667 you reached level 3 of The Dungeons of Doom. On T:803 you advanced to experience level 2. On T:1083 you reached level 4 of The Dungeons of Doom. On T:1362 you advanced to experience level 3. On T:1626 you reached level 1 of The Gnomish Mines. On T:1673 you advanced to experience level 4. On T:1884 you advanced to experience level 5. On T:2137 you reached level 2 of The Gnomish Mines. On T:2466 you reached level 3 of The Gnomish Mines. On T:2724 you advanced to experience level 6. On T:3063 you reached level 4 of The Gnomish Mines. On T:3515 you reached level 5 of The Dungeons of Doom. On T:3733 you advanced to experience level 7. On T:3813 you reached level 6 of The Dungeons of Doom. On T:4360 you reached level 7 of The Dungeons of Doom. On T:4878 you reached level 8 of The Dungeons of Doom. On T:5189 you reached level 4 of Sokoban. On T:5601 you reached level 3 of Sokoban. On T:6357 you reached level 2 of Sokoban. On T:6921 you reached level 1 of Sokoban. On T:7366 you advanced to experience level 8. On T:8890 you reached level 9 of The Dungeons of Doom. On T:9267 you reached level 10 of The Dungeons of Doom. On T:10827 you advanced to experience level 9. On T:11112 you reached level 5 of The Gnomish Mines. On T:11383 you reached level 7 of The Gnomish Mines. On T:11610 you reached level 6 of The Gnomish Mines. Score breakdown: Gold: 7890 (13256 points) Experience: 9 levels (15756 points) Exploration: 11 levels ( 21.15%) (13284 points) Discoveries: 64 items ( 21.12%) (13787 points) Valuables value: (no points given unless you survive) Artifact value: 0 ( 0 points) Variety of kills: 93 monsters ( 24.47%) (14841 points) Turncount: 11748 turns (-2616 points) Survival: died (score multiplied by 80%) Total score: 54646 Latest messages: You can't go down here. You suddenly vomit! You hear crashing rock. You're done throwing up. [2 turns] As you read the scroll, it disappears. You are carrying too much to get through. The dart hits the energy vortex! You miss the energy vortex. You are jolted with electricity! The energy vortex misses. (2x) You hit the energy vortex! You are jolted with electricity! You hit the energy vortex. You are jolted with electricity! The energy vortex engulfs you! Your magic lamp goes out! The air around you crackles with electricity. You hit the energy vortex. You are jolted with electricity! You die... Final status: Aloha Winsalmostnever the Tourist, killed by an energy vortex... You died in The Gnomish Mines on dungeon level 10 with 54646 points, and 8371 pieces of gold, after 11748 moves. You were level 9 with a maximum of 106 hit points when you died.